 Dungeon Crawl Stone Soup version 0.29-a0-993-g4a18f31a58 (webtiles) character file.

Game seed: 8541261882501406177

214 frimble the Digger (level 5, -4/39 HPs)
             Began as a Demonspawn Earth Elementalist on Aug 3, 2022.
             Slain by a river rat (7 damage)
             ... in a sewer.
             The game lasted 00:04:09 (3384 turns).

frimble the Digger (Demonspawn Earth Elementalist)  Turns: 3384, Time: 00:04:10

Health: -4/39      AC:  4    Str:  9    XL:     5   Next: 60%
Magic:  2/8        EV: 12    Int: 16    God:
Gold:   125        SH:  0    Dex: 15    Spells: 2/8 levels left

rFire   . . .      SeeInvis .   i - +0 rapier
rCold   . . .      Faith    .   (no shield)
rNeg    . . .      Spirit   .   a - +0 robe
rPois   .          Reflect  .   h - +1 helmet
rElec   .          Harm     .   (no cloak)
rCorr   .          Rampage  .   (no gloves)
Will    .....                   (no boots)
Stlth   ++........              (no amulet)
HPRegen 0.13/turn               (no ring)
MPRegen 0.11/turn               (no ring)

@: lethally poisoned (-4 -> -7), very slightly contaminated
A: powered by death 1
a: no special abilities


You were in a sewer.
You visited 1 branch of the dungeon, and saw 4 of its levels.
You also visited: Sewer.

You collected 125 gold pieces.

Inventory:

Hand Weapons
 i - a +0 rapier (weapon)
Missiles
 n - a throwing net
Armour
 a - a +0 robe (worn)
 h - a +1 helmet (worn)
Jewellery
 o - an amulet of faith
Scrolls
 c - 3 scrolls of teleportation
 l - a scroll of vulnerability
Potions
 b - a potion of magic
 d - 2 potions of heal wounds
 e - a potion of might {unknown}
 f - 2 potions of invisibility {unknown}
 j - a potion of lignification {unknown}
 k - a potion of attraction {unknown}
 p - a potion of flight {unknown}
 q - a potion of curing {unknown}


   Skills:
 + Level 2.6 Fighting
 + Level 1.7 Short Blades
 - Level 2.0 Dodging
 - Level 2.0 Stealth
 - Level 2.1 Spellcasting
 + Level 2.0 Conjurations
 - Level 1.1 Transmutations
 + Level 3.8 Earth Magic


You had 2 spell levels left.
You knew the following spells:

 Your Spells              Type           Power      Damage    Failure   Level
a - Sandblast             Erth           26%        2d8       4%          1
b - Stone Arrow           Conj/Erth      22%        3d8       19%         3
c - Passwall              Tmut/Erth      7%         N/A       11%         2

Your spell library contained the following spells:

 Spells                   Type           Power      Damage    Failure   Level
 Shock                    Conj/Air       16%        1d4       14%         1
 Inner Flame              Hex/Fire       1%         N/A       52%         3
 Summon Guardian Golem    Hex/Summ       1%         N/A       52%         3
 Swiftness                Air            1%         N/A       52%         3
 Petrify                  Tmut/Erth      9%         N/A       58%         4
 Airstrike                Air            0%         2d(1-17)  90%         4
 Cause Fear               Hex            0%         N/A       90%         4
 Orb of Destruction       Conj           4%         9d5       100%        7
 Spellforged Servitor     Conj/Summ      2%         N/A       100%        7
 Discord                  Hex            0%         N/A       100%        8


Dungeon Overview and Level Annotations

Branches:
Dungeon (4/15)              Sewer (1/1)
 Temple: D:4-7

Altars:

Annotations:
D:2 Terence


Innate Abilities, Weirdness & Mutations

You regenerate a little health from kills.


Message History

Casting: Sandblast (safe; 4% risk of failure)
Confirm with . or Enter, or press ? or * to list all spells.
Aiming: Sandblast (safe; 4% risk of failure)
Press: ? - help, Shift-Dir - straight line, f/p - river rat
Aim: a river rat (lightly wounded, 80% to hit)
The blast of sand hits the river rat.
The river rat is severely wounded.
The adder barely misses you. The rat closely misses you.
The river rat closely misses you.
A river rat comes into view.
The adder closely misses you. The rat bites you. The river rat bites you.
The adder misses you.
The river rat moves out of view.
Casting: Sandblast (safe; 4% risk of failure)
Confirm with . or Enter, or press ? or * to list all spells.
Aiming: Sandblast (safe; 4% risk of failure)
Press: ? - help, Shift-Dir - straight line, f/p - river rat
Aim: a river rat (severely wounded, 80% to hit)
The blast of sand hits the river rat but does no damage.
The river rat is severely wounded.
The adder bites you.
* * * LOW HITPOINT WARNING * * *
You are poisoned.
The adder poisons you! The rat bites you.
* * * LOW HITPOINT WARNING * * *
The river rat misses you. The adder bites you but does no damage.
The rat bites you.
* * * LOW HITPOINT WARNING * * *
The river rat bites you but does no damage.
Casting: Sandblast (safe; 4% risk of failure)
Confirm with . or Enter, or press ? or * to list all spells.
Aiming: Sandblast (safe; 4% risk of failure)
Press: ? - help, Shift-Dir - straight line, f/p - river rat
Aim: a river rat (severely wounded, 80% to hit)
You miscast Sandblast.
You are very lightly contaminated with residual magic.
Nothing appears to happen.
* * * LOW HITPOINT WARNING * * *
You feel sick. The adder closely misses you. The rat closely misses you.
The river rat bites you!
You die...

≈≈≈≈≈≈≈≈≈≈....rrrr...≈≈≈≈≈≈≈≈≈≈≈≈
≈≈≈≈≈≈≈≈≈≈≈≈≈≈≈~≈≈≈≈≈≈≈≈≈≈≈≈≈≈≈≈≈
≈≈≈≈≈≈≈≈≈≈≈≈≈≈≈≈†≈≈≈≈≈≈≈≈≈≈≈≈≈≈≈≈
≈≈≈≈≈≈≈≈≈≈≈≈~.....~≈≈≈≈≈≈≈≈≈≈≈≈≈≈
≈≈≈≈≈≈≈≈≈...~.......≈≈≈≈≈≈≈≈≈≈≈≈≈
≈≈≈≈≈≈..~~~.........~.~~..~~~~≈≈≈
~~~~.~........................~..
...............†Sr........†......
................@r†....##.....†..
.............##.......#####......
..###......#####..##...######...#
### ##...######..#####..∩# #####
##### #∩†.## ##### #####


You could see an adder, a river rat and a rat.

Vanquished Creatures
  A necrophage (D:4)
  7 adders
  3 river rats (Sewer)
  3 worms
  3 bats (D:1)
  2 endoplasms (D:1)
  2 giant cockroaches (D:1)
  3 goblins
  3 hobgoblins
  6 ball pythons
  4 frilled lizards
  8 kobolds
  22 rats
67 creatures vanquished.

Notes
Turn   | Place    | Note
-------+----------+-------------------------------------------
     0 | D:1      | frimble the Demonspawn Earth Elementalist began the quest
                  | for the Orb.
     0 | D:1      | Reached XP level 1. HP: 13/13 MP: 3/3
    58 | D:1      | Reached skill level 1 in Transmutations
   241 | D:1      | Gained mutation: You regenerate a little health from kills.
                  | [demonic ancestry]
   241 | D:1      | Reached XP level 2. HP: 19/19 MP: 3/5
  1269 | D:2      | Reached skill level 3 in Earth Magic
  1509 | D:2      | Noticed Terence
  1536 | D:2      | Reached skill level 1 in Fighting
  1536 | D:2      | Reached XP level 3. HP: 26/26 MP: 2/6
  1825 | D:3      | Learned a level 3 spell: Stone Arrow
  2502 | D:3      | Learned a level 2 spell: Passwall
  2719 | D:4      | Noticed a necrophage
  2720 | D:4      | Found a glowing drain.
  2728 | D:4      | Killed a necrophage
  2729 | D:4      | Reached skill level 1 in Short Blades
  2729 | D:4      | Reached skill level 1 in Conjurations
  2729 | D:4      | Reached XP level 4. HP: 29/33 MP: 1/7
  2735 | Sewer    | Entered a sewer
  2813 | Sewer    | Reached XP level 5. HP: 38/38 MP: 6/8
  3384 | Sewer    | Slain by a river rat

Illustrated notes

Levels and vault maps discovered:
D:1:      giann_bridges, layout_basic, minmay_tiny_reverse_x
D:2:      layout_loops_ring, minmay_quadrilaterals, uniq_terence
D:3:      layout_loops_cross
D:4:      layout_loops_ring, temple_hall, portal_sewer_entry_b
Sewer:    sewer_minmay_treatment

Skill      XL: |  1  2  3  4  5 |
---------------+----------------+-----
Transmutations | 1 |  1.1
Stealth        | 2 |  2.0
Dodging        | 2 |  2.0
Earth Magic    | 3 |  3.8
Fighting       | 1 2 |  2.6
Short Blades   | 1 |  1.7
Conjurations   | 1 2 |  2.0
Spellcasting   | |  2.1

Action                   |  1- 3 |  4- 6 || total
-------------------------+-------+-------++-------
Melee: Unarmed           |    36 |       ||    36
       Rapier            |    28 |    72 ||   100
 Cast: Sandblast         |    57 |    30 ||    87
  Use: Scroll            |     7 |       ||     7
 Stab: Sleeping          |     2 |       ||     2
Armor: Robe              |    29 |    45 ||    74
Dodge: Dodged            |    82 |   117 ||   199

Table legend: (Time is in decaauts)
 A = Elapsed time spent in this place.
 B = Non-inter-level travel time spent in this place.
 C = Inter-level travel time spent in this place.
 D = Time resting spent in this place.
 E = Time spent auto-exploring this place.
 F = Levels seen in this place.
 G = Mean time per level.
                   A        B        C        D        E       F      G
               +--------+--------+--------+--------+--------+-----+--------+
         Total |   3486 |   3413 |     73 |     37 |   2738 |   5 |  697.2 |
       Dungeon |   2798 |   2725 |     73 |     37 |   2246 |   4 |  699.5 |
         Sewer |    687 |    687 |      0 |      0 |    492 |   1 |  687.0 |
               +--------+--------+--------+--------+--------+-----+--------+

Top non-repeatable levels by time:
     D:1: 1297 daAuts
     D:3: 931 daAuts
   Sewer: 687 daAuts
     D:2: 345 daAuts
     D:4: 224 daAuts
